 Dungeon Crawl Stone Soup version 0.30.0-20-g3615ddf2f0 (webtiles) character file.

Game seed: 17919039993095703685

73491 qw the Severer (level 15, -10/94 HPs)
             Began as a Gargoyle Fighter on May 27, 2023.
             Was a High Priest of Okawaru.
             Killed by divine providence
             ... invoked by a meliai
              (11 damage)
             ... on level 15 of the Dungeon.
             The game lasted 00:19:21 (22085 turns).

qw the Severer (Gargoyle Fighter)                  Turns: 22085, Time: 00:19:21

Health: -10/94     AC: 66    Str: 31    XL:     15   Next: 43%
Magic:  21/22      EV: 11    Int: 12    God:    Okawaru [*****.]
Gold:   988        SH: 20    Dex: 18    Spells: 14/14 levels left

rFire   + . .        Y - +5 war axe (protect)
rCold   + + +        r - +5 kite shield of the Ten Youths {rF+ Str+4 SInv}
rNeg    + + .        z - +8 orange crystal plate armour {Archmagi, Int+3 Clar}
rPois   inf          j - +2 helmet
rElec   +            g - +0 cloak
rCorr   .            k - +2 pair of gloves {Dex+3}
SInv    +            w - +1 pair of boots
Will    .....        h - amulet of the acrobat Stlth
                     y - ring "Westrump" {rF- rC+++ rN+ Will- Dex+6}
HPRegen 0.35/turn    i - ring of protection from fire
MPRegen 0.18/turn

%: acrobat, clarity, archmagi
@: about to teleport, heroic, under a protective aura, flying
A: sickness immunity, AC +11, big wings, negative energy resistance 1,
electricity resistance, torment resistance 1, petrification resistance,
iridescent scales 1
a: Renounce Religion, Heroism, Finesse, Duel


You were on level 15 of the Dungeon.
You worshipped Okawaru.
Okawaru was extremely pleased with you.
You visited 3 branches of the dungeon, and saw 21 of its levels.
You also visited: Sewer.

You collected 1603 gold pieces.
You spent 615 gold pieces at shops.


Innate Abilities, Weirdness & Mutations

You are immune to sickness and miasma.
Your stone body is resilient. (AC +11)
You are immune to poison.
Your large and strong wings let you fly.
You resist negative energy. (rN+)
You are resistant to electric shocks. (rElec)
You are resistant to unholy torment.
You are immune to petrification.
You are partially covered in iridescent scales. (AC +2)


   Skills:
 - Level 11.0(16.0) Fighting
 - Level 15.0(20.0) Axes
 - Level 4.0(9.0) Throwing
 + Level 13.9(18.9) Armour
 - Level 4.1(9.1) Dodging
 - Level 12.0(17.0) Shields
 - Level 10.0 Invocations


You had 14 spell levels left.
You didn't know any spells.
Your spell library was empty.

Inventory:

Hand Weapons
 p - the +11 flail "Peij" {elec, Dex+5}
   (You found it on level 14 of the Dungeon)

   Dex:       It affects your dexterity (+5).
 Y - a +5 war axe of protection (weapon)
Armour
 g - a +0 cloak (worn)
 j - a +2 helmet (worn)
 k - a +2 pair of gloves of dexterity (worn)
 r - the +5 kite shield of the Ten Youths (worn) {rF+ Str+4 SInv}
   (You acquired it on level 7 of the Dungeon)

   Str:       It affects your strength (+4).
   rF:        It protects you from fire.
   SInv:      It lets you see invisible.
 s - +0 acid dragon scales
 w - a +1 pair of boots (worn)
 z - the +8 orange crystal plate armour (worn) {Archmagi, Int+3 Clar}
   (You acquired it on level 1 of the Lair of Beasts)

   Int:       It affects your intelligence (+3).
   Clar:      It protects you from confusion, rage, mesmerisation and fear.
Jewellery
 b - a ring of ice
 c - a ring of protection from fire
 h - an amulet of the acrobat (around neck)
 i - a ring of protection from fire (right hand)
 m - a ring of see invisible
 y - the ring "Westrump" (left hand) {rF- rC+++ rN+ Will- Dex+6}
   (You found it on level 2 of the Lair of Beasts)

   [ring of dexterity]

   Dex:       It affects your dexterity (+6).
   rF:        It makes you vulnerable to fire.
   rC:        It renders you almost immune to cold.
   rN:        It protects you from negative energy.
   Will:      It decreases your willpower.
 C - a +6 ring of dexterity
Wands
 n - a wand of digging (4)
Scrolls
 a - 8 scrolls of teleportation
 x - 8 scrolls of identify
Potions
 d - 4 potions of might
 e - 4 potions of mutation
 l - 7 potions of haste
 o - 3 potions of cancellation
 q - 2 potions of magic
 t - 4 potions of attraction
 u - 15 potions of curing
 A - a potion of resistance
 E - 2 potions of lignification

Dungeon Overview and Level Annotations

Branches:
Dungeon (15/15)            Temple (1/1) D:6            Lair (5/5) D:9
  Swamp (0/4) Lair:3       Spider (0/4) Lair:3        Slime (0/5) Lair:4
    Orc (0/2) D:12         Vaults (0/5) D:14          Sewer (visited)
 Depths: D:15

Altars:
Ashenzari
Cheibriados
Dithmenos
Elyvilon
Fedhas
Gozag
Hepliaklqana
Kikubaaqudgha
Makhleb
Nemelex Xobeh
Okawaru
Qazlal
Ru
Sif Muna
Trog
Uskayaw
Vehumet
Wu Jian
Xom
Yredelemnul
Zin
The Shining One

Shops:
D:6 !   D:7 =   D:8 [   D:10 *

Portals:
Trove: D:10 (give +6 demon trident)
Gauntlet: D:15

Annotations:
D:3 3 runed translucent doors, qw's ghost, weakling GrFi


Message History

22079 ||| INVOKING Heroism.
You gain the combat prowess of a mighty hero.
The meliai buzzes angrily.
The meliai calls down the wrath of its god upon you.
Something smites you!
The meliai unwields a +0 war axe.
The meliai wields a +0 sling.
The meliai shoots a sling bullet.
You block the sling bullet.
The meliai shoots a sling bullet.
The sling bullet barely misses you.
The meliai shoots a sling bullet.
You block the sling bullet.
The meliai shoots a sling bullet.
You block the sling bullet.
The meliai invokes the aid of its god against you.
Something smites you!
The meliai buzzes angrily.
A manticore comes into view.
Enter note: You hear the deafening beating of a drum very nearby.
The meliai mumbles some strange prayers to its god against you.
Something smites you!
The meliai unwields a +0 sling.
The meliai wields a +0 war axe.
You block the meliai's attack. The meliai closely misses you.
You block the meliai's attack. The meliai completely misses you.
You block the meliai's attack. x2
Enter note: The meliai blocks your attack.
You slash the meliai!
Your weapon exudes an aura of protection.
The meliai calls down the wrath of its god upon you.
Something smites you! The meliai barely misses you.
You block the meliai's attack. x2; The meliai closely misses you.
The meliai hits you with a +0 war axe. The meliai misses you.
22085 ||| READING 9 scrolls of teleportation.
As you read the scroll of teleportation, it crumbles to dust.
You feel strangely unstable. You block the meliai's attack.
The meliai barely misses you. The meliai hits you but does no damage.
You block the meliai's attack.
The meliai invokes the aid of its god against you.
Something smites you! The meliai completely misses you.
You block the meliai's attack. The meliai hits you but does no damage.
You block the meliai's attack.
The meliai calls down the wrath of its god upon you.
Something smites you!
You die...

... ... . ###'####
.. #...... ...#####
#..... ....#.... .
.... ..... ....
....###y#####......
#..
......y@....)...\..
#..
......y........####
#..
.....H.........#
#..
...............#
###
.....###.......#
.... .....
#....?..# .... ....
###....... ....
.... ######## ####


You could see a manticore and 3 meliai.

Vanquished Creatures
  An ironbound preserver (D:14)
  Josephine (D:11)
  A hydra (Lair:5)
  Fannar (Lair:1)
  A death knight (D:13)
  5 centaur warriors (D:14)
  A catoblepas (D:9)
  7 two-headed ogres
  A tengu warrior (D:14)
  6 boulder beetles
  Urug (D:11)
  A deep troll (shapeshifter) (D:15)
  3 skysharks
  A wizard (D:14)
  3 phantasmal warriors (D:13)
  5 cyclopes
  10 ugly things
  2 oklob plants (Lair:4)
  2 wolf spiders (Lair:5)
  5 manticores
  A guardian serpent (Lair:5)
  3 elephants (Lair:5)
  A torpor snail (Lair:3)
  4 slime creatures
  11 black mambas
  A gargoyle (D:13)
  11 cane toads
  2 molten gargoyles (Lair:3)
  2 kobold demonologists (D:12)
  2 unseen horrors
  6 rime drakes
  A tengu conjurer (D:15)
  A freezing wraith (D:14)
  An efreet (D:14)
  7 komodo dragons
  3 trolls
  4 polar bears
  5 hornets
  A meliai (shapeshifter) (D:14)
  5 blink frogs (Lair:1)
  A dream sheep (shapeshifter) (D:14)
  3 dream sheep (Lair:3)
  Sigmund (D:3)
  7 water elementals (D:14)
  14 wyverns
  3 shadows
  Eustachio (D:4)
  50 yaks
  2 steam dragons
  9 wraiths
  9 vampire mosquitoes
  3 basilisks
  2 redbacks
  Menkaure (D:7)
  4 acid dragons
  31 water moccasins
  7 ice beasts
  6 orc warriors
  5 black bears
  4 sky beasts
  13 wolves
  4 ogres
  2 centaurs (D:9)
  3 phantoms (D:6)
  12 kobold brigands
  11 bullfrogs
  4 scorpions
  4 killer bees (D:8)
  3 howler monkeys
  5 electric eels
  5 lava snakes (Lair:3)
  5 orc priests
  4 hounds
  2 jellies
  Terence (D:3)
  An iguana (D:7)
  3 sleepcaps
  Natasha (twice) (D:3)
  12 orc wizards
  A statue (D:4)
  Robin (D:2)
  2 gnolls
  11 adders
  2 river rats
  A shadow imp (D:5)
  3 white imps (Lair:3)
  2 ufetubi
  8 worms
  3 dart slugs
  32 orcs
  10 ball pythons
  3 bats
  12 endoplasms
  8 giant cockroaches
  18 goblins
  8 hobgoblins
  11 jackals
  24 kobolds
  3 quokkas
  3 frilled lizards
  14 rats
  A butterfly (D:7)
570 creatures vanquished.

Vanquished Creatures (others)
  An orc wizard (D:9)
1 creature vanquished.

Grand Total: 571 creatures vanquished

Notes
Turn   | Place    | Note
-------+----------+-------------------------------------------
     0 | D:1      | qw the Gargoyle Fighter began the quest for the Orb.
     0 | D:1      | Reached XP level 1. HP: 14/14 MP: 1/1
     0 | D:1      | 0 ||| qw: Version: 0.2-a-100-g3d2c45e
     0 | D:1      | 0 ||| qw: Game counter: 203
     0 | D:1      | 0 ||| qw: Always use a shield: true
     0 | D:1      | 0 ||| qw: God list: Okawaru
     0 | D:1      | 0 ||| qw: Allow faded altars: false
     0 | D:1      | 0 ||| qw: Do Orc after D:15 true
     0 | D:1      | 0 ||| qw: Do second Lair branch before Depths: true
     0 | D:1      | 0 ||| qw: Lair rune preference: random
     0 | D:1      | 0 ||| qw: Plans: Normal, Zot:1-4, God:TSO, Crypt, Tomb,
                  | Pan, Slime:5, Hells, Abyss, Win
     0 | D:1      | 0 ||| PLANNING D:1-11
    49 | D:1      | Reached skill level 2 in Axes
    82 | D:1      | 82 ||| Stepping ~*~*~tactically~*~*~ (stealth).
    93 | D:1      | 93 ||| Stepping ~*~*~tactically~*~*~ (stealth).
    94 | D:1      | 94 ||| Stepping ~*~*~tactically~*~*~ (stealth).
    96 | D:1      | Reached XP level 2. HP: 19/19 MP: 2/2
   335 | D:1      | 335 ||| Stepping ~*~*~tactically~*~*~ (hiding).
   343 | D:1      | Reached skill level 3 in Axes
   346 | D:1      | Reached XP level 3. HP: 16/23 MP: 3/3
   657 | D:1      | 657 ||| Stepping ~*~*~tactically~*~*~ (hiding).
   897 | D:1      | 897 ||| UPGRADING to amulet of the acrobat.
   902 | D:1      | 902 ||| UPGRADING to ring of see invisible.
   903 | D:1      | 903 ||| READING 3 scrolls labelled YDEUFR ZEFI.
   906 | D:1      | 906 ||| READING scroll labelled FUM FUREOHODDO.
   907 | D:1      | 907 ||| READING scroll labelled POGHIUSAOW.
   908 | D:1      | 908 ||| DRINKING 2 grey potions.
   909 | D:1      | 909 ||| DRINKING 2 yellow potions.
   910 | D:1      | 910 ||| DROPPING potion of brilliance.
   970 | D:2      | Reached XP level 4. HP: 25/28 MP: 4/4
  1124 | D:2      | Reached skill level 4 in Axes
  1221 | D:2      | 1221 ||| Stepping ~*~*~tactically~*~*~ (hiding).
  1223 | D:2      | 1223 ||| Stepping ~*~*~tactically~*~*~ (hiding).
  1227 | D:2      | 1227 ||| Stepping ~*~*~tactically~*~*~ (hiding).
  1238 | D:2      | 1238 ||| Stepping ~*~*~tactically~*~*~ (stealth).
  1244 | D:2      | 1244 ||| Stepping ~*~*~tactically~*~*~ (stealth).
  1248 | D:2      | 1248 ||| Stepping ~*~*~tactically~*~*~ (stealth).
  1249 | D:2      | Noticed Robin
  1250 | D:2      | 1250 ||| Stepping ~*~*~tactically~*~*~ (hiding).
  1276 | D:2      | Killed Robin
  1342 | D:2      | 1342 ||| Stepping ~*~*~tactically~*~*~ (stealth).
  1355 | D:2      | Reached XP level 5. HP: 27/32 MP: 5/5
  1696 | D:2      | 1696 ||| UPGRADING to +0 helmet.
  1701 | D:2      | 1701 ||| READING scroll labelled KUJ MESAVO.
  1702 | D:2      | 1702 ||| READING scroll labelled WASTRY HIYBRA.
  1703 | D:2      | 1703 ||| DRINKING 2 bubbling orange potions.
  1730 | D:3      | 1730 ||| STAIRDANCE
  1804 | D:3      | Found a broken altar of Ashenzari.
  1809 | D:3      | Found a white marble altar of Elyvilon.
  1874 | D:3      | Found an ornate altar of the Wu Jian Council.
  1921 | D:3      | Noticed Natasha
  1936 | D:3      | Killed Natasha
  1938 | D:3      | Reached skill level 5 in Axes
  2010 | D:3      | Identified the +9 war axe "Mooss" {antimagic, Fragile rElec
                  | rPois}
  2037 | D:3      | Found an opulent altar of Gozag.
  2239 | D:3      | 2239 ||| Stepping ~*~*~tactically~*~*~ (stealth).
  2251 | D:3      | Found a runed translucent gate.
  2253 | D:3      | Found a runed translucent gate.
  2255 | D:3      | Noticed an orc warrior
  2256 | D:3      | Noticed qw's ghost (weakling GrFi)
  2260 | D:3      | 2260 ||| Stepping ~*~*~tactically~*~*~ (stealth).
  2260 | D:3      | Found a runed translucent gate.
  2291 | D:3      | 2291 ||| Stepping ~*~*~tactically~*~*~ (hiding).
  2293 | D:3      | 2293 ||| Stepping ~*~*~tactically~*~*~ (hiding).
  2294 | D:3      | 2294 ||| Stepping ~*~*~tactically~*~*~ (hiding).
  2295 | D:3      | 2295 ||| Stepping ~*~*~tactically~*~*~ (hiding).
  2382 | D:3      | Found a faded altar of an unknown god.
  2386 | D:3      | Noticed Terence
  2396 | D:3      | Killed Terence
  2418 | D:3      | Reached XP level 6. HP: 38/38 MP: 6/6
  2506 | D:3      | Found a basalt altar of Yredelemnul.
  2556 | D:3      | Noticed Sigmund
  2584 | D:3      | Killed Sigmund
  2746 | D:3      | 2746 ||| UPGRADING to +6 ring of dexterity.
  2747 | D:3      | 2747 ||| DROPPING +6 ring of intelligence.
  2766 | D:4      | 2766 ||| PLANNING SEWER
  2772 | D:4      | Reached XP level 7. HP: 40/43 MP: 7/7
  2912 | D:4      | Reached skill level 6 in Axes
  2996 | D:4      | Noticed Eustachio
  2997 | D:4      | 2997 ||| Stepping ~*~*~tactically~*~*~ (stealth).
  3028 | D:4      | HP: 8/43 [Eustachio/+1 rapier of protection (8)]
  3029 | D:4      | 3029 ||| READING 3 scrolls of teleportation.
  3030 | D:4      | 3030 ||| DRINKING potion of heal wounds.
  3178 | D:4      | Killed Eustachio
  3179 | D:4      | Reached skill level 7 in Axes
  3179 | D:4      | Reached XP level 8. HP: 41/48 MP: 8/8
  3232 | D:4      | 3232 ||| Stepping ~*~*~tactically~*~*~ (stealth).
  3253 | D:4      | Found a glowing drain.
  3257 | D:4      | 3257 ||| READING 2 scrolls labelled HIXEAL UHISSO.
  3258 | D:4      | 3258 ||| READING scroll labelled PYRCHE JUTIC.
  3259 | D:4      | 3259 ||| DROPPING scroll of amnesia.
  3262 | D:4      | 3262 ||| FLEEEEING.
  3263 | D:4      | 3263 ||| FLEEEEING.
  3264 | D:4      | 3264 ||| FLEEEEING.
  3266 | D:4      | 3266 ||| FLEEEEING.
  3275 | D:4      | 3275 ||| STAIRDANCE
  3276 | D:3      | Noticed Natasha
  3287 | D:3      | Killed Natasha
  3392 | D:4      | 3392 ||| STAIRDANCE
  3461 | Sewer    | Entered a sewer
  3508 | Sewer    | 3508 ||| Stepping ~*~*~tactically~*~*~ (hiding).
  3512 | Sewer    | 3512 ||| Stepping ~*~*~tactically~*~*~ (hiding).
  3604 | Sewer    | Reached skill level 1 in Throwing
  3987 | Sewer    | 3987 ||| Stepping ~*~*~tactically~*~*~ (water).
  4036 | Sewer    | 4036 ||| Stepping ~*~*~tactically~*~*~ (water).
  4092 | Sewer    | 4092 ||| Stepping ~*~*~tactically~*~*~ (water).
  4094 | Sewer    | 4094 ||| Stepping ~*~*~tactically~*~*~ (water).
  4167 | Sewer    | Reached skill level 8 in Axes
  4229 | Sewer    | 4229 ||| READING scroll labelled WEUTYZ VETSOF.
  4230 | Sewer    | 4230 ||| READING scroll labelled WYORAO HOGOUNU.
  4256 | D:4      | 4256 ||| PLANNING D:1-11
  4277 | D:4      | Found a radiant altar of Vehumet.
  4643 | D:4      | 4643 ||| DRINKING 2 amethyst potions.
  4644 | D:4      | 4644 ||| DROPPING potion of flight.
  4663 | D:5      | Entered Level 5 of the Dungeon
  4723 | D:5      | Reached skill level 6 in Fighting
  4986 | D:5      | 4986 ||| Stepping ~*~*~tactically~*~*~ (stealth).
  4992 | D:5      | Reached XP level 9. HP: 50/55 MP: 9/9
  5029 | D:5      | 5029 ||| Stepping ~*~*~tactically~*~*~ (stealth).
  5225 | D:5      | 5225 ||| UPGRADING to +0 chain mail.
  5235 | D:5      | 5235 ||| DROPPING +0 scale mail.
  5236 | D:5      | 5236 ||| UPGRADING to +0 pair of boots.
  5241 | D:5      | 5241 ||| READING 2 scrolls labelled DAAKKU EGGEXEKO.
  5242 | D:5      | 5242 ||| DRINKING 2 green potions.
  5243 | D:5      | 5243 ||| DROPPING scroll of immolation.
  5264 | D:6      | Found Ajong's Distillery.
  5295 | D:6      | 5295 ||| Stepping ~*~*~tactically~*~*~ (stealth).
  5493 | D:6      | Found a staircase to the Ecumenical Temple.
  5494 | D:6      | 5494 ||| PLANNING TEMPLE
  5494 | D:6      | 5494 ||| DRINKING 2 ruby potions.
  5495 | D:6      | 5495 ||| DROPPING potion of magic.
  5502 | Temple   | Entered the Ecumenical Temple
  5545 | Temple   | 5545 ||| PLANNING D:1-11
  5566 | D:6      | Reached skill level 9 in Axes
  5977 | D:6      | 5977 ||| BUYING 2 potions of heal wounds (120 gold).
  5977 | D:6      | Bought 2 potions of heal wounds for 120 gold pieces
  5977 | D:6      | 5977 ||| BUYING potion of cancellation (96 gold).
  5977 | D:6      | Bought a potion of cancellation for 96 gold pieces
  5977 | D:6      | 5977 ||| BUYING potion of curing (36 gold).
  5977 | D:6      | Bought a potion of curing for 36 gold pieces
  5977 | D:6      | 5977 ||| BUYING potion of curing (36 gold).
  5977 | D:6      | Bought a potion of curing for 36 gold pieces
  5977 | D:6      | 5977 ||| BUYING potion of haste (120 gold).
  5977 | D:6      | Bought a potion of haste for 120 gold pieces
  5977 | D:6      | 5977 ||| SHOPLISTING potion of heal wounds (60 gold, have
                  | 30).
  5977 | D:6      | 5977 ||| SHOPLISTING potion of lignification (36 gold, have
                  | 30).
  5977 | D:6      | 5977 ||| SHOPLISTING potion of might (48 gold, have 30).
  6253 | D:6      | 6253 ||| READING scroll labelled BOAB RESHIMY.
  6290 | D:6      | 6290 ||| DRINKING 2 silvery potions.
  6290 | D:6      | Gained mutation: You are partially covered in iridescent
                  | scales. (AC +2) [potion of mutation]
  6291 | D:6      | 6291 ||| READING 2 scrolls of identify.
  6291 | D:6      | 6291 ||| IDENTIFYING clear potion
  6292 | D:6      | 6292 ||| DROPPING potion of degeneration.
  6344 | D:7      | Found a shimmering altar of Xom.
  6352 | D:7      | 6352 ||| STAIRDANCE
  6542 | D:7      | 6542 ||| UPGRADING to +0 cloak.
  6615 | D:7      | Noticed a hornet
  6632 | D:7      | HP: 11/57 [hornet (4)]
  6633 | D:7      | 6633 ||| READING 4 scrolls of teleportation.
  6634 | D:7      | 6634 ||| DRINKING 3 potions of heal wounds.
  6635 | D:7      | Found an iron altar of Okawaru.
  6635 | D:7      | Noticed Menkaure
  6636 | D:7      | 6636 ||| PLANNING OKAWARU WORSHIP
  6639 | D:7      | Killed Menkaure
  6650 | D:7      | HP: 13/57 [sky beast (4)]
  6651 | D:7      | 6651 ||| READING 3 scrolls of teleportation.
  6652 | D:7      | 6652 ||| DRINKING 2 potions of heal wounds.
  6734 | D:7      | 6734 ||| UPGRADING to ring of protection from fire.
  6736 | D:7      | 6736 ||| DRINKING 2 dark potions.
  6737 | D:7      | 6737 ||| READING 2 scrolls of identify.
  6737 | D:7      | 6737 ||| IDENTIFYING bubbling blue potion
  6738 | D:7      | 6738 ||| DROPPING potion of ambrosia.
  6739 | D:7      | 6739 ||| PLANNING D:1-11
  6842 | D:7      | Found Anoerow's Jewellery Shoppe.
  6868 | D:7      | Killed a hornet
  7011 | D:7      | 7011 ||| SHOPLISTING +4 ring of protection (396 gold, have
                  | 64).
  7011 | D:7      | 7011 ||| SHOPLISTING +5 ring of evasion (396 gold, have
                  | 64).
  7011 | D:7      | 7011 ||| SHOPLISTING +6 ring of dexterity (396 gold, have
                  | 64).
  7011 | D:7      | 7011 ||| SHOPLISTING +6 ring of strength (396 gold, have
                  | 64).
  7011 | D:7      | 7011 ||| SHOPLISTING amulet of reflection (330 gold, have
                  | 64).
  7041 | D:7      | Reached XP level 10. HP: 63/63 MP: 10/10
  7131 | D:7      | 7131 ||| PLANNING OKAWARU WORSHIP
  7137 | D:7      | Became a worshipper of Warmaster Okawaru
  7137 | D:7      | 7137 ||| PLANNING D:1-11
  7303 | D:7      | Found an ancient bone altar of Kikubaaqudgha.
  7361 | D:7      | Reached skill level 10 in Axes
  7393 | D:7      | 7393 ||| READING scroll labelled ACEPHO ZONTIFE.
  7393 | D:7      | Identified a scroll of acquirement
  7393 | D:7      | 7393 ||| ACQUIRING +5 kite shield of the Ten Youths {rF+
                  | Str+4 SInv}
  7393 | D:7      | Acquired the +5 kite shield of the Ten Youths {rF+ Str+4
                  | SInv}
  7395 | D:7      | 7395 ||| UPGRADING to +5 kite shield of the Ten Youths {rF+
                  | Str+4 SInv}.
  7405 | D:7      | 7405 ||| REMOVING ring of see invisible.
  7406 | D:7      | 7406 ||| DROPPING +0 buckler.
  7407 | D:7      | 7407 ||| UPGRADING to +6 ring of dexterity.
  7436 | D:8      | 7436 ||| Stepping ~*~*~tactically~*~*~ (stealth).
  7458 | D:8      | 7458 ||| DROPPING +0 whip.
  7507 | D:8      | Found Xiukhlio's Antique Armour Shop.
  7516 | D:8      | 7516 ||| SHOPLISTING pair of runed boots (232 gold, have
                  | 97).
  7516 | D:8      | 7516 ||| SHOPLISTING plate armour (713 gold, have 97).
  7516 | D:8      | 7516 ||| SHOPLISTING shiny plate armour (806 gold, have
                  | 97).
  7532 | D:8      | 7532 ||| DROPPING +0 flail.
  7557 | D:8      | Noticed a two-headed ogre
  7557 | D:8      | 7557 ||| Stepping ~*~*~tactically~*~*~ (stealth).
  7567 | D:8      | HP: 15/63 [orc warrior/+0 heavy hand axe (7)]
  7568 | D:8      | 7568 ||| READING 2 scrolls of teleportation.
  7568 | D:8      | HP: 6/63 [orc warrior/+0 heavy hand axe (9)]
  7569 | D:8      | 7569 ||| DRINKING potion of heal wounds.
  7574 | D:8      | Killed a two-headed ogre
  7574 | D:8      | Reached * piety under Okawaru
  7575 | D:8      | Reached skill level 6 in Shields
  7575 | D:8      | 7575 ||| INVOKING Heroism.
  7757 | D:8      | Reached skill level 1 in Invocations
  7908 | D:8      | 7908 ||| Stepping ~*~*~tactically~*~*~ (stealth).
  7910 | D:8      | 7910 ||| Stepping ~*~*~tactically~*~*~ (stealth).
  7918 | D:8      | 7918 ||| INVOKING Heroism.
  8081 | D:8      | Noticed a cyclops
  8082 | D:8      | 8082 ||| INVOKING Heroism.
  8094 | D:8      | Killed a cyclops
  8095 | D:8      | Reached skill level 3 in Invocations
  8144 | D:8      | Found a faded altar of an unknown god.
  8144 | D:8      | Found the Hermit's Pendant {Faith Invo=14 Evo=0 MP+5}
  8269 | D:8      | 8269 ||| UPGRADING to +0 plate armour.
  8279 | D:8      | 8279 ||| DROPPING +0 chain mail.
  8280 | D:8      | 8280 ||| READING 2 scrolls labelled WOILEU ZUGA.
  8281 | D:8      | 8281 ||| READING scroll of enchant armour.
  8281 | D:8      | 8281 ||| ENCHANTING +0 helmet.
  8314 | D:9      | 8314 ||| Stepping ~*~*~tactically~*~*~ (hiding).
  8349 | D:9      | 8349 ||| Stepping ~*~*~tactically~*~*~ (hiding).
  8386 | D:9      | 8386 ||| Stepping ~*~*~tactically~*~*~ (stealth).
  8389 | D:9      | 8389 ||| INVOKING Heroism.
  8453 | D:9      | 8453 ||| Stepping ~*~*~tactically~*~*~ (hiding).
  8456 | D:9      | 8456 ||| Stepping ~*~*~tactically~*~*~ (hiding).
  8458 | D:9      | 8458 ||| INVOKING Heroism.
  8478 | D:9      | 8478 ||| INVOKING Heroism.
  8544 | D:9      | 8544 ||| INVOKING Heroism.
  8550 | D:9      | Reached skill level 6 in Armour
  8566 | D:9      | Reached XP level 11. HP: 30/67 MP: 14/14
  8571 | D:9      | Reached skill level 9 in Shields
  8576 | D:9      | 8576 ||| INVOKING Heroism.
  8730 | D:9      | Found a staircase to the Lair.
  8944 | D:9      | 8944 ||| INVOKING Heroism.
  8950 | D:9      | Noticed a catoblepas
  8960 | D:9      | 8960 ||| INVOKING Heroism.
  8973 | D:9      | Killed a catoblepas
  8973 | D:9      | Reached ** piety under Okawaru
  9055 | D:9      | Reached skill level 3 in Throwing
  9059 | D:9      | Noticed a brown ugly thing
  9060 | D:9      | 9060 ||| Stepping ~*~*~tactically~*~*~ (stealth).
  9061 | D:9      | 9061 ||| Stepping ~*~*~tactically~*~*~ (stealth).
  9073 | D:9      | 9073 ||| INVOKING Heroism.
  9088 | D:9      | Killed a brown ugly thing
  9434 | D:9      | 9434 ||| PLANNING LAIR
  9434 | D:9      | 9434 ||| READING 2 scrolls labelled NYHIWONEAM.
  9435 | D:9      | 9435 ||| DROPPING scroll of vulnerability.
  9482 | Lair:1   | Entered Level 1 of the Lair of Beasts
  9507 | Lair:1   | 9507 ||| INVOKING Heroism.
  9518 | Lair:1   | 9518 ||| Stepping ~*~*~tactically~*~*~ (stealth).
  9525 | Lair:1   | 9525 ||| INVOKING Heroism.
  9565 | Lair:1   | 9565 ||| Stepping ~*~*~tactically~*~*~ (stealth).
  9566 | Lair:1   | 9566 ||| INVOKING Heroism.
  9586 | Lair:1   | 9586 ||| Stepping ~*~*~tactically~*~*~ (stealth).
  9593 | Lair:1   | Reached skill level 11 in Axes
  9595 | Lair:1   | 9595 ||| INVOKING Heroism.
  9622 | Lair:1   | 9622 ||| INVOKING Heroism.
  9758 | Lair:1   | 9758 ||| INVOKING Heroism.
  9808 | Lair:1   | 9808 ||| Stepping ~*~*~tactically~*~*~ (hiding).
  9914 | Lair:1   | 9914 ||| INVOKING Heroism.
  9934 | Lair:1   | 9934 ||| READING scroll of acquirement.
  9934 | Lair:1   | 9934 ||| ACQUIRING +8 orange crystal plate armour
                  | {Archmagi, Int+3 Clar}
  9934 | Lair:1   | Acquired the +8 orange crystal plate armour {Archmagi,
                  | Int+3 Clar}
  9934 | Lair:1   | Found the +8 orange crystal plate armour {Archmagi, Int+3
                  | Clar}
  9936 | Lair:1   | 9936 ||| UPGRADING to +8 orange crystal plate armour
                  | {Archmagi, Int+3 Clar}.
  9946 | Lair:1   | 9946 ||| DROPPING +0 plate armour.
  9967 | Lair:1   | Noticed Fannar
  9968 | Lair:1   | 9968 ||| Stepping ~*~*~tactically~*~*~ (hiding).
  9970 | Lair:1   | 9970 ||| Stepping ~*~*~tactically~*~*~ (hiding).
  9971 | Lair:1   | 9971 ||| Stepping ~*~*~tactically~*~*~ (hiding).
  9997 | Lair:1   | 9997 ||| INVOKING Heroism.
 10003 | Lair:1   | Killed Fannar
 10003 | Lair:1   | Reached *** piety under Okawaru
 10212 | Lair:1   | 10212 ||| INVOKING Heroism.
 10216 | Lair:1   | Reached skill level 9 in Armour
 10222 | Lair:1   | Reached XP level 12. HP: 75/75 MP: 13/15
 10487 | Lair:1   | 10487 ||| DROPPING ring of flight.
 10534 | Lair:2   | Identified the ring "Westrump" {rF- rC+++ rN+ Will- Dex+6}
 10544 | Lair:2   | 10544 ||| INVOKING Heroism.
 10593 | Lair:2   | Noticed a skyshark
 10611 | Lair:2   | Killed a skyshark
 10684 | Lair:2   | Reached **** piety under Okawaru
 10686 | Lair:2   | Reached skill level 9 in Fighting
 10900 | Lair:2   | 10900 ||| INVOKING Heroism.
 10960 | Lair:2   | Found a sacrificial altar of Ru.
 11211 | Lair:2   | 11211 ||| UPGRADING to ring "Westrump" {rF- rC+++ rN+ Will-
                  | Dex+6}.
 11213 | Lair:2   | 11213 ||| READING 5 scrolls of identify.
 11213 | Lair:2   | 11213 ||| IDENTIFYING fizzy grey potion
 11304 | Lair:3   | 11304 ||| INVOKING Heroism.
 11480 | Lair:3   | 11480 ||| INVOKING Heroism.
 11500 | Lair:3   | 11500 ||| INVOKING Heroism.
 11523 | Lair:3   | Reached skill level 6 in Invocations
 11691 | Lair:3   | Found a hole to the Spider Nest.
 11741 | Lair:3   | Found a staircase to the Swamp.
 11765 | Lair:3   | Received a gift from Okawaru
 11807 | Lair:3   | 11807 ||| INVOKING Heroism.
 11855 | Lair:3   | 11855 ||| Stepping ~*~*~tactically~*~*~ (stealth).
 11920 | Lair:3   | Received a gift from Okawaru
 11969 | Lair:3   | 11969 ||| INVOKING Heroism.
 11985 | Lair:3   | Reached skill level 12 in Axes
 12011 | Lair:3   | 12011 ||| INVOKING Heroism.
 12038 | Lair:3   | 12038 ||| INVOKING Heroism.
 12074 | Lair:3   | 12074 ||| INVOKING Heroism.
 12114 | Lair:3   | 12114 ||| INVOKING Heroism.
 12153 | Lair:3   | 12153 ||| INVOKING Heroism.
 12199 | Lair:3   | 12199 ||| INVOKING Heroism.
 12256 | Lair:3   | 12256 ||| INVOKING Heroism.
 12310 | Lair:3   | 12310 ||| INVOKING Heroism.
 12350 | Lair:3   | 12350 ||| INVOKING Heroism.
 12379 | Lair:3   | 12379 ||| INVOKING Heroism.
 12398 | Lair:3   | 12398 ||| INVOKING Heroism.
 12440 | Lair:3   | 12440 ||| INVOKING Heroism.
 12489 | Lair:3   | 12489 ||| INVOKING Heroism.
 12523 | Lair:3   | 12523 ||| INVOKING Heroism.
 12582 | Lair:3   | 12582 ||| INVOKING Heroism.
 12616 | Lair:3   | 12616 ||| INVOKING Heroism.
 12674 | Lair:3   | 12674 ||| INVOKING Heroism.
 12715 | Lair:3   | 12715 ||| INVOKING Heroism.
 12758 | Lair:3   | 12758 ||| INVOKING Heroism.
 12794 | Lair:3   | 12794 ||| INVOKING Heroism.
 12833 | Lair:3   | 12833 ||| INVOKING Heroism.
 12958 | Lair:3   | 12958 ||| FLEEEEING.
 12959 | Lair:3   | 12959 ||| FLEEEEING.
 12960 | Lair:3   | 12960 ||| FLEEEEING.
 12961 | Lair:3   | 12961 ||| FLEEEEING.
 12962 | Lair:3   | 12962 ||| FLEEEEING.
 12964 | Lair:3   | 12964 ||| FLEEEEING.
 12965 | Lair:3   | 12965 ||| FLEEEEING.
 12966 | Lair:3   | 12966 ||| FLEEEEING.
 12967 | Lair:3   | 12967 ||| FLEEEEING.
 12968 | Lair:3   | 12968 ||| FLEEEEING.
 12969 | Lair:3   | 12969 ||| FLEEEEING.
 12970 | Lair:3   | 12970 ||| FLEEEEING.
 12971 | Lair:3   | 12971 ||| FLEEEEING.
 12972 | Lair:3   | 12972 ||| FLEEEEING.
 13082 | Lair:3   | 13082 ||| Stepping ~*~*~tactically~*~*~ (water).
 13109 | Lair:3   | 13109 ||| Stepping ~*~*~tactically~*~*~ (water).
 13123 | Lair:3   | 13123 ||| Stepping ~*~*~tactically~*~*~ (water).
 13199 | Lair:3   | 13199 ||| Stepping ~*~*~tactically~*~*~ (water).
 13211 | Lair:3   | 13211 ||| Stepping ~*~*~tactically~*~*~ (water).
 13230 | Lair:3   | 13230 ||| Stepping ~*~*~tactically~*~*~ (water).
 13257 | Lair:3   | 13257 ||| FLEEEEING.
 13258 | Lair:3   | 13258 ||| FLEEEEING.
 13459 | Lair:3   | 13459 ||| FLEEEEING.
 13460 | Lair:3   | 13460 ||| FLEEEEING.
 13461 | Lair:3   | 13461 ||| FLEEEEING.
 13462 | Lair:3   | 13462 ||| FLEEEEING.
 13463 | Lair:3   | 13463 ||| FLEEEEING.
 13464 | Lair:3   | 13464 ||| FLEEEEING.
 13465 | Lair:3   | 13465 ||| FLEEEEING.
 13679 | Lair:3   | 13679 ||| FLEEEEING.
 13680 | Lair:3   | 13680 ||| FLEEEEING.
 13681 | Lair:3   | 13681 ||| FLEEEEING.
 13682 | Lair:3   | 13682 ||| FLEEEEING.
 13683 | Lair:3   | 13683 ||| FLEEEEING.
 13684 | Lair:3   | 13684 ||| FLEEEEING.
 13685 | Lair:3   | 13685 ||| FLEEEEING.
 13686 | Lair:3   | 13686 ||| FLEEEEING.
 13689 | Lair:3   | 13689 ||| FLEEEEING.
 13692 | Lair:3   | 13692 ||| FLEEEEING.
 13693 | Lair:3   | 13693 ||| FLEEEEING.
 13694 | Lair:3   | 13694 ||| FLEEEEING.
 13696 | Lair:3   | 13696 ||| FLEEEEING.
 13817 | Lair:3   | 13817 ||| Stepping ~*~*~tactically~*~*~ (water).
 13837 | Lair:3   | 13837 ||| Stepping ~*~*~tactically~*~*~ (water).
 13855 | Lair:3   | 13855 ||| Stepping ~*~*~tactically~*~*~ (water).
 13871 | Lair:3   | 13871 ||| Stepping ~*~*~tactically~*~*~ (water).
 13969 | Lair:3   | 13969 ||| PLANNING LAIR
 13969 | Lair:3   | 13969 ||| PLANNING LAIR
 14100 | Lair:3   | 14100 ||| Stepping ~*~*~tactically~*~*~ (stealth).
 14103 | Lair:3   | 14103 ||| Stepping ~*~*~tactically~*~*~ (stealth).
 14104 | Lair:3   | 14104 ||| Stepping ~*~*~tactically~*~*~ (stealth).
 14454 | Lair:3   | Reached XP level 13. HP: 64/80 MP: 18/18
 14724 | Lair:3   | 14724 ||| READING scroll labelled TOGOORPHUPAWK.
 14726 | Lair:3   | 14726 ||| READING 4 scrolls of identify.
 14726 | Lair:3   | 14726 ||| IDENTIFYING sedimented sapphire potion
 14740 | Lair:3   | 14740 ||| DROPPING potion of berserk rage.
 14761 | Lair:4   | 14761 ||| PLANNING LAIR
 14764 | Lair:4   | 14764 ||| READING scroll of enchant armour.
 14764 | Lair:4   | 14764 ||| ENCHANTING +1 helmet.
 14938 | Lair:4   | 14938 ||| INVOKING Heroism.
 15081 | Lair:4   | Reached skill level 3 in Dodging
 15487 | Lair:4   | Found a staircase to the Slime Pits.
 15488 | Lair:4   | 15488 ||| INVOKING Heroism.
 15498 | Lair:4   | 15498 ||| DRINKING 4 potions of cancellation.
 15516 | Lair:4   | 15516 ||| INVOKING Heroism.
 15925 | Lair:5   | Entered Level 5 of the Lair of Beasts
 15926 | Lair:5   | 15926 ||| STAIRDANCE
 16035 | Lair:5   | 16035 ||| INVOKING Heroism.
 16052 | Lair:5   | 16052 ||| STAIRDANCE
 16062 | Lair:4   | Reached skill level 13 in Axes
 16218 | Lair:5   | 16218 ||| READING scroll of acquirement.
 16218 | Lair:5   | 16218 ||| ACQUIRING +2 pair of gloves of dexterity
 16218 | Lair:5   | Acquired a +2 pair of gloves of dexterity
 16219 | Lair:5   | 16219 ||| Stepping ~*~*~tactically~*~*~ (stealth).
 16324 | Lair:5   | 16324 ||| Stepping ~*~*~tactically~*~*~ (stealth).
 16363 | Lair:5   | 16363 ||| INVOKING Heroism.
 16389 | Lair:5   | Reached skill level 12 in Armour
 16760 | Lair:5   | 16760 ||| Stepping ~*~*~tactically~*~*~ (stealth).
 16761 | Lair:5   | 16761 ||| Stepping ~*~*~tactically~*~*~ (stealth).
 16796 | Lair:5   | 16796 ||| Stepping ~*~*~tactically~*~*~ (stealth).
 16879 | Lair:5   | 16879 ||| INVOKING Heroism.
 16909 | Lair:5   | Gained mutation: Your large and strong wings let you fly.
                  | [Gargoyle growth]
 16909 | Lair:5   | Reached XP level 14. HP: 78/88 MP: 19/19
 16962 | Lair:5   | 16962 ||| READING scroll of enchant armour.
 16962 | Lair:5   | 16962 ||| ENCHANTING +0 pair of boots.
 17002 | Lair:5   | 17002 ||| INVOKING Heroism.
 17008 | Lair:5   | 17008 ||| SWAPPING to +0 morningstar.
 17013 | Lair:5   | 17013 ||| SWAPPING to +0 war axe of protection.
 17047 | Lair:5   | 17047 ||| INVOKING Heroism.
 17141 | Lair:5   | Identified the +1 robe of Boredom {MP+9 Int+5}
 17471 | Lair:5   | 17471 ||| PLANNING D:1-11
 17471 | Lair:5   | 17471 ||| UPGRADING to +2 pair of gloves of dexterity.
 17476 | Lair:5   | 17476 ||| DROPPING +2 helmet.
 17650 | D:10     | Entered Level 10 of the Dungeon
 17737 | D:10     | Found a portal to a secret trove of treasure.
 17749 | D:10     | Identified the +0 kite shield "Paseg Kahoe" {rPois rC+}
 17834 | D:10     | Found Yravops's Assorted Antiques.
 17839 | D:10     | 17839 ||| BUYING coppery potion (27 gold).
 17839 | D:10     | Bought a coppery potion for 27 gold pieces
 17839 | D:10     | 17839 ||| BUYING potion of heal wounds (150 gold).
 17839 | D:10     | Bought a potion of heal wounds for 150 gold pieces
 17839 | D:10     | 17839 ||| BUYING scroll labelled NOERRA OSAPPYD (30 gold).
 17839 | D:10     | Bought a scroll labelled NOERRA OSAPPYD for 30 gold pieces
 17966 | D:10     | 17966 ||| Stepping ~*~*~tactically~*~*~ (stealth).
 17983 | D:10     | Reached skill level 9 in Invocations
 18315 | D:10     | 18315 ||| DROPPING +0 kite shield "Paseg Kahoe" {rPois
                  | rC+}.
 18316 | D:10     | 18316 ||| READING 2 scrolls labelled YTEPOWK MUEGE.
 18317 | D:10     | 18317 ||| READING scroll of enchant weapon.
 18317 | D:10     | 18317 ||| ENCHANTING +1 war axe of protection.
 18318 | D:10     | 18318 ||| READING scroll labelled NOERRA OSAPPYD.
 18319 | D:10     | 18319 ||| READING 6 scrolls of identify.
 18319 | D:10     | 18319 ||| IDENTIFYING coppery potion
 18348 | D:11     | 18348 ||| READING scroll of enchant weapon.
 18348 | D:11     | 18348 ||| ENCHANTING +2 war axe of protection.
 18353 | D:11     | Noticed Josephine
 18358 | D:11     | Noticed Urug
 18359 | D:11     | 18359 ||| INVOKING Heroism.
 18361 | D:11     | Received a gift from Okawaru
 18367 | D:11     | Killed Josephine
 18385 | D:11     | Killed Urug
 18452 | D:11     | 18452 ||| Stepping ~*~*~tactically~*~*~ (stealth).
 18453 | D:11     | 18453 ||| Stepping ~*~*~tactically~*~*~ (hiding).
 18584 | D:11     | Received a gift from Okawaru
 18869 | D:11     | 18869 ||| PLANNING D
 18897 | D:12     | Found a staircase to the Orcish Mines.
 19088 | D:12     | 19088 ||| INVOKING Heroism.
 19311 | D:12     | 19311 ||| Stepping ~*~*~tactically~*~*~ (hiding).
 19316 | D:12     | 19316 ||| INVOKING Heroism.
 19593 | D:12     | 19593 ||| Stepping ~*~*~tactically~*~*~ (hiding).
 19690 | D:13     | Reached skill level 14 in Axes
 19701 | D:13     | 19701 ||| Stepping ~*~*~tactically~*~*~ (stealth).
 19717 | D:13     | 19717 ||| Stepping ~*~*~tactically~*~*~ (stealth).
 19781 | D:13     | 19781 ||| INVOKING Heroism.
 19821 | D:13     | Reached ***** piety under Okawaru
 20026 | D:13     | 20026 ||| READING scroll of enchant weapon.
 20026 | D:13     | 20026 ||| ENCHANTING +3 war axe of protection.
 20320 | D:13     | 20320 ||| DROPPING ring of wizardry.
 20387 | D:14     | 20387 ||| Stepping ~*~*~tactically~*~*~ (stealth).
 20438 | D:14     | 20438 ||| READING scroll of enchant weapon.
 20438 | D:14     | 20438 ||| ENCHANTING +4 war axe of protection.
 20439 | D:14     | 20439 ||| DROPPING +9 war axe "Mooss" {antimagic, Fragile
                  | rElec rPois}.
 20598 | D:14     | 20598 ||| Stepping ~*~*~tactically~*~*~ (stealth).
 20600 | D:14     | 20600 ||| Stepping ~*~*~tactically~*~*~ (hiding).
 20689 | D:14     | 20689 ||| INVOKING Heroism.
 20690 | D:14     | 20690 ||| INVOKING Finesse.
 20722 | D:14     | Reached skill level 12 in Shields
 20763 | D:14     | Reached XP level 15. HP: 86/94 MP: 22/22
 20992 | D:14     | 20992 ||| Stepping ~*~*~tactically~*~*~ (hiding).
 21027 | D:14     | 21027 ||| INVOKING Heroism.
 21273 | D:14     | 21273 ||| INVOKING Heroism.
 21383 | D:14     | 21383 ||| Stepping ~*~*~tactically~*~*~ (hiding).
 21432 | D:14     | Identified the +11 flail "Peij" {elec, Dex+5}
 21434 | D:14     | 21434 ||| DROPPING +0 morningstar.
 21508 | D:14     | Found a gate to the Vaults.
 21520 | D:14     | Reached skill level 15 in Axes
 21639 | D:15     | Entered Level 15 of the Dungeon
 21640 | D:15     | 21640 ||| PLANNING GAUNTLET
 21664 | D:15     | 21664 ||| Stepping ~*~*~tactically~*~*~ (stealth).
 21666 | D:15     | 21666 ||| Stepping ~*~*~tactically~*~*~ (hiding).
 21669 | D:15     | 21669 ||| INVOKING Heroism.
 21675 | D:15     | Paralysed by an ogre mage for 5 turns
 21681 | D:15     | HP: 21/94 [meliai/divine providence (16)]
 21682 | D:15     | 21682 ||| READING 11 scrolls of teleportation.
 21683 | D:15     | 21683 ||| DRINKING 3 potions of heal wounds.
 21683 | D:15     | HP: 10/94 [meliai/divine providence (12)]
 21684 | D:15     | 21684 ||| DRINKING 2 potions of heal wounds.
 21685 | D:15     | 21685 ||| DRINKING potion of heal wounds.
 21874 | D:15     | 21874 ||| Stepping ~*~*~tactically~*~*~ (hiding).
 21886 | D:15     | 21886 ||| INVOKING Heroism.
 21913 | D:15     | Identified the +8 chain mail of Lies {rCorr} (Okawaru
                  | gifted it to you on level 15 of the Dungeon)
 21913 | D:15     | Received a gift from Okawaru
 21915 | D:15     | HP: 19/94 [skeletal warrior/+0 halberd (6)]
 21916 | D:15     | 21916 ||| READING 10 scrolls of teleportation.
 21919 | D:15     | Found a gate leading to a gauntlet.
 21990 | D:15     | 21990 ||| INVOKING Heroism.
 21991 | D:15     | 21991 ||| Stepping ~*~*~tactically~*~*~ (hiding).
 22079 | D:15     | 22079 ||| INVOKING Heroism.
 22084 | D:15     | HP: 19/94 [meliai/divine providence (15)]
 22085 | D:15     | 22085 ||| READING 9 scrolls of teleportation.
 22085 | D:15     | HP: 1/94 [meliai/divine providence (15)]
 22085 | D:15     | Killed from afar by a meliai

Levels and vault maps discovered:
D:1:      dpeg_arrival_short_road, layout_loops_ring
D:2:      minmay_skewed_foursquare, layout_basic, nicolae_titane, uniq_robin
D:3:      layout_basic, mainiacjoe_overflow_catwalk_spiral,
          overflow_temple_1_default, mainiacjoe_overflow_24_doors,
          yredelemnul_altar_generic, gammafunk_ghost_split,
          shapermc_ecumenical_altar_acropolis, grunt_ministairs_13,
          corexii_item_surrounded_by_moat, uniq_sigmund, uniq_terence,
          uniq_natasha
D:4:      layout_basic, vehumet_statue, portal_sewer_entry_a, corner_web_ring,
          uniq_eustachio
D:5:      layout_rooms
D:6:      layout_basic, minmay_temple_entry_wispy, serial_shops,
          nicolae_shop_window_shopping
D:7:      layout_rooms, xom_butterflies, kennysheep_mini,
          okawaru_ov_weapons_minmay, serial_glass, glass_columns_c,
          glass_columns_a, glass_columns_b, glass_columns_b, glass_columns_c,
          glass_columns_c, minmay_shop_enchanted_jewellery, uniq_menkaure
D:8:      layout_cave_pools, serial_shops, shop, enter_bailey_4,
          hellmonk_guarded_unrand_hermit
D:9:      layout_roguey, due_lair_maze_entry_diamond, hangedman_minor_gate_pass
D:10:     layout_roguey, serial_shops, shop_fountains,
          nicolae_trove_entry_crossroad
D:11:     layout_rooms, hangedman_decor_growths, uniq_josephine, uniq_urug
D:12:     cheibrodos_helix_gallery, layout_loops_ring, orc_0_dummy
D:13:     layout_basic
D:14:     layout_loops_cross, skrybe_vaults_entry_preservation, serial_bayou,
          serial_bayou_crossing, serial_bayou_shore_b, serial_bayou_pond_a,
          serial_bayou_lake_a, nicolae_figureground_sparkle
D:15:     gammafunk_enter_depths_forms, layout_irregular_city,
          gauntlet_entry_generic, lemuel_tele_altar, serial_bayou_lagoon_a,
          nicolae_splish_splash, uniq_jorgrun
Temple:   cyrus_circular_temple
Lair:1:   layout_misc_corridors, serial_bayou_shore_a, grunt_megastairs_1,
          infiniplex_staircase_pool, uniq_fannar
Lair:2:   layout_hall_layers, basic_altar
Lair:3:   cheibrodos_magma_flow, layout_cave_pods, minmay_swamp_entry_swarm,
          spider_nest_entry_a, ice2_lemuel
Lair:4:   layout_hall_layers, minmay_slime_entry_oklob_enclosed
Lair:5:   hangedman_lair_tendril_chambers, layout_regular_city,
          chequers_serial_rivers_small_b, columned_hall_lemuel,
          lemuel_fruit_tree

Skill      XL: |  1  2  3  4  5  6  7  8  9 10 11 12 13 14 15 |
---------------+----------------------------------------------+-----
Axes           | 2 3 4 5 7 8 9 10 11 12 13 14 15 | 15.0
Fighting       | 4 6 7 8 9 10 11 | 11.0
Dodging        | 2 3 4 |  4.1
Throwing       | 2 3 4 |  4.0
Armour         | 5 6 9 11 12 13 | 13.9
Shields        | 4 8 9 10 11 12 | 12.0
Invocations    | 4 7 10 | 10.0

Action                     |  1- 3 |  4- 6 |  7- 9 | 10-12 | 13-15 || total
---------------------------+-------+-------+-------+-------+-------++-------
  Melee: War axe           |    86 |   150 |   463 |  1956 |   958 ||  3613
         Morningstar       |       |       |       |       |     4 ||     4
  Throw: Boomerang         |       |    26 |    72 |       |     7 ||   105
         Javelin           |       |       |    24 |    79 |   107 ||   210
 Invoke: Heroism           |       |       |       |    48 |    19 ||    67
         Finesse           |       |       |       |       |     1 ||     1
    Use: Scroll            |     3 |     2 |    11 |     7 |    15 ||    38
         Potion            |     2 |     1 |     8 |     1 |     4 ||    16
   Stab: Petrified         |       |       |       |     4 |       ||     4
         Petrifying        |       |       |       |     1 |       ||     1
 Armour: Scale mail        |    45 |    66 |   125 |       |       ||   236
         Skin              |       |    11 |       |       |       ||    11
         Chain mail        |       |       |    81 |    52 |       ||   133
         Plate armour      |       |       |       |    91 |       ||    91
         Crystal plate arm |       |       |       |   585 |   543 ||  1128
  Dodge: Dodged            |    43 |    73 |   188 |   317 |   236 ||   857
  Block: Buckler           |    17 |    23 |   100 |       |       ||   140
         Kite shield       |       |       |       |  1371 |   842 ||  2213

Table legend:
 A = Non-vault XP
 B = Vault XP
 C = Vault XP percentage of total XP
 D = Non-vault monster count
 E = Vault monster count
 F = Vault count percentage of total count
                 A         B        C        D         E       F
            +---------+---------+-------+---------+---------+-------
      Total |   74872 |   30116 |  28.7 |     400 |     170 |  29.8
            +---------+---------+-------+---------+---------+-------
        D:1 |      64 |       0 |   0.0 |      25 |       0 |   0.0
        D:2 |      50 |      71 |  58.7 |      17 |      19 |  52.8
        D:3 |      99 |     298 |  75.1 |      16 |       5 |  23.8
        D:4 |     484 |     247 |  33.8 |      26 |       7 |  21.2
        D:5 |     804 |       0 |   0.0 |      14 |       0 |   0.0
        D:6 |     789 |       0 |   0.0 |      10 |       0 |   0.0
        D:7 |    1376 |     172 |  11.1 |      10 |       1 |   9.1
        D:8 |    1719 |     598 |  25.8 |      27 |       6 |  18.2
        D:9 |    1598 |    3798 |  70.4 |      24 |      18 |  42.9
       D:10 |    2991 |       0 |   0.0 |      21 |       0 |   0.0
       D:11 |    3134 |    2738 |  46.6 |      24 |       7 |  22.6
       D:12 |    4102 |     534 |  11.5 |      13 |       2 |  13.3
       D:13 |    7259 |       0 |   0.0 |      15 |       0 |   0.0
       D:14 |   14868 |    4431 |  23.0 |      36 |       9 |  20.0
       D:15 |    6634 |       0 |   0.0 |       9 |       0 |   0.0
     Lair:1 |    5286 |    1375 |  20.6 |      23 |       5 |  17.9
     Lair:2 |    3549 |       0 |   0.0 |      13 |       0 |   0.0
     Lair:3 |    5914 |    3503 |  37.2 |      30 |      24 |  44.4
     Lair:4 |    7684 |    1925 |  20.0 |      24 |       5 |  17.2
     Lair:5 |    6468 |    9753 |  60.1 |      23 |      34 |  59.6
      Sewer |       0 |     673 | 100.0 |       0 |      28 | 100.0
            +---------+---------+-------+---------+---------+-------
